cohdb
Replays
Latest Replays
All Replays
Popular Replays
Top Player Replays
Match Explorer
How It Works
Community
CoH3 Stats
Reddit
Sign in to upload your games and track your stats! →
Sign in with Steam
Match 44873467
Unlisted
Match 44873467
Overview
Messages
Build Orders
End
Kradschützen Motorcycle Team
250 Light Carrier
Panzergrenadier Squad
Construct Light Support Kompanie
Panzergrenadier Squad
Fire Support Elements
Veteran Squad Leaders
Assault Mechanized Group
Flakvierling Half-track
Combat Half-tracks
Selects Italian Infantry
Selects Italian Infantry
Selects Guastatori Squad
Selects L6/40 Light Tank Combat Group
Construct Mechanized Kompanie
L6/40 Light Tank Combat Group
Panzerjäger Mechanized Group
Brother
jpg1h
0
0
Comments
sign in to comment!
No comments posted yet!